 Dungeon Crawl Stone Soup version 0.32-a0-928-g1cae6b7ea0 (webtiles) character file.

Game seed: 12978846225883416294

2448 HilariousDeathArtist the Changeling (level 9, -2/66 HPs)
             Began as a Djinni Shapeshifter on Apr 12, 2024.
             Was an Initiate of Makhleb.
             Killed by divine providence
             ... invoked by an orc priest
              (15 damage)
             ... on level 6 of the Dungeon.
             The game lasted 00:07:04 (5699 turns).

HilariousDeathArtist the Changeling (DjSh)          Turns: 5699, Time: 00:07:05

Health: -2/66      AC:  1    Str: 13    XL:     9   Next: 78%
Gold:   314        EV: 17    Int: 15    God:    Makhleb [......] SH:  0 Dex: 14

rFire   + +          .
                       - Unarmed
rCold   x . .        g - melded orb {light}
rNeg    . . .        a - melded +0 animal skin
rPois   ∞            j - +0 helmet
rElec   .            (no cloak)
rCorr   .            (no gloves)
SInv    +            (boots unavailable)
Will    .....        (no amulet)
Stlth   +            V - ring of see invisible {sInv, !d}
HPRegen 0.31/turn    (no ring)

%: infuse magic (-3 HP)
@: mighty, brilliant, flux-form, flying, glowing, studying Staves
A: glow, contaminating, flying, sickness immunity, fire resistance 2, cold
vulnerability 1, float, innate caster, HP casting, extra vitality 1
a: Begin Untransformation, Renounce Religion


You were on level 6 of the Dungeon.
You worshipped Makhleb.
Makhleb was noncommittal.
You were something dangerously unstable.
You visited 2 branches of the dungeon, and saw 7 of its levels.

You collected 314 gold pieces.

Inventory:

Hand Weapons
 r - a +0 flail of draining
   (You took it off Terence on level 3 of the Dungeon)
Missiles
 e - 7 boomerangs
 m - 15 poisoned darts
 s - 24 stones
Armour
 a - a +0 animal skin (melded)
 g - an orb of light (melded)
   (You found it on level 1 of the Dungeon)
 j - a +0 helmet (worn)
   (You took it off Robin on level 3 of the Dungeon)
 A - a +0 kite shield
   (You found it on level 6 of the Dungeon)
Magical Staves
 o - a staff of air {rElec}
   (You found it on level 2 of the Dungeon)
Jewellery
 V - a ring of see invisible (left hand) {sInv, !d}
   (You found it on level 4 of the Dungeon)
Talismans
 c - a beast talisman
 d - a flux talisman (active)
 n - a blade talisman
   (You found it on level 2 of the Dungeon)
Wands
 x - a wand of warping (4)
   (You found it on level 5 of the Dungeon)
Scrolls
 b - 3 scrolls of revelation
 f - a scroll of teleportation {unknown}
 i - a scroll of brand weapon
 k - a scroll of poison
 l - a scroll of amnesia
 u - a scroll of enchant weapon
 v - 2 scrolls of enchant armour {unknown}
 w - a scroll of vulnerability {unknown}
 y - 2 scrolls of fear {unknown}
 D - 2 scrolls of blinking {!r}
 O - a scroll of silence
Potions
 t - a potion of haste {unknown}
 z - a potion of attraction {unknown}
 J - a potion of curing {@q1}


   Skills:
 + Level 5.8 Fighting
 + Level 5.4 Dodging
 - Level 3.0 Unarmed Combat
 + Level 4.8 Spellcasting
 + Level 4.8 Conjurations
 + Level 4.8 Hexes
   Level 0.0 Charms
 + Level 4.8 Summonings
 + Level 4.8 Necromancy
 + Level 4.8 Translocations
   Level 0.0 Transmutations
 + Level 4.8 Fire Magic
 + Level 4.8 Ice Magic
 + Level 4.8 Air Magic
 + Level 4.8 Earth Magic
 + Level 4.8 Alchemy
 - Level 7.0 Shapeshifting


You knew the following spells:

 Your Spells              Type           Power      Damage    Failure   Level
a - Stone Arrow           Conj/Erth      54%        3d10      7%          3
c - Call Canine Familiar  Summ           27%        N/A       7%          3
v - Kiss of Death         Conj/Necr      100%       2d13      2%          1
x - Momentum Strike       Conj/Tloc      54%        3d9       3%          2
Your spell library was empty.

Dungeon Overview and Level Annotations

Branches:
Dungeon (6/15)             Temple (1/1) D:5

Altars:
Cheibriados
Dithmenos
Elyvilon
Gozag
Hepliaklqana
Makhleb
Nemelex Xobeh
Qazlal
Trog
Xom
Yredelemnul
Zin

Shops:
D:5 *

Annotations:
D:3 1 runed translucent door, Crazy Yiuf


Innate Abilities, Weirdness & Mutations

You are something dangerously unstable.
You glow with magical radiation, making you easy to see and hit.
Foes you strike become dangerously contaminated with magical radiation.
You are flying.
You are incapable of wielding weapons or throwing items.
You are immune to sickness and miasma.
You are immune to poison.
Your flesh is very heat resistant. (rF++)
You are vulnerable to cold. (rC-)
You float through the air rather than walking.
You learn spells naturally, not from books.
Your magical power is your life essence.
You have superior vitality. (+4 MHP)


Message History

It was a potion of might.
You feel very mighty all of a sudden.
The yak bellows!
You hear a shout!
A yak comes into view.
The yak gores you!
You take 13 damage, and have 29/64 hp.
MASSIVE DAMAGE!!
Your transformation has ended.
Your orb of light unmelds from your body.
Your +0 animal skin unmelds from your body.
You turn into a tree.
Your +0 helmet melds into your body.
Your +0 animal skin melds into your body.
Your roots penetrate the ground.
The yak bellows!
You hear a shout!
An orc comes into view. It is wielding a +0 mace.
The yak gores you but does no damage.
You now have 44/96 hp.
You smack the yak!
The yak gores you but does no damage.
You smack the yak!
You kill the yak!
Makhleb accepts your kill.
Your Fighting skill increases to level 5!
You smack the yak!
The yak gores you but does no damage.
You smack the yak!
The yak snorts and paws the ground.
The yak gores you but does no damage.
You hit the yak. The yak gores you!
You take 7 damage, and have 38/97 hp.
You smack the yak!
The yak completely misses you.
You pummel the yak!!
You kill the yak!
Makhleb accepts your kill.
You pummel the yak!! The yak gores you but does no damage.
You pummel the yak!!
You kill the yak!
Makhleb accepts your kill.
An orc wizard comes into view. It is wielding a +0 dagger.
Your Dodging skill increases to level 5!
You hit the yak but do no damage. The yak gores you!
The orc wizard gestures wildly while chanting.
The orc wizard flickers and vanishes for a moment.
You take 7 damage, and have 32/97 hp.
You hit the yak.
An orc priest comes into view. It is wielding a +0 short sword.
An orc comes into view. It is wielding a +0 flail.
The yak gores you!
* * * LOW HITPOINT WARNING * * *
You take 11 damage, and have 21/97 hp.
The orc shouts!
The orc priest shouts!
You hit the yak. The yak gores you but does no damage.
You smack the yak!
The yak barely misses you.
You hit the yak. The yak gores you.
* * * LOW HITPOINT WARNING * * *
You take 4 damage, and have 18/97 hp.
You hit the yak. The yak gores you but does no damage.
You completely miss the yak. The yak gores you!
* * * LOW HITPOINT WARNING * * *
You take 10 damage, and have 8/97 hp.
You barely miss the yak.
Your transformation is almost over.
The yak barely misses you.
You feel much better. The yak gores you!
* * * LOW HITPOINT WARNING * * *
You regained 9 hp, and now have 17/97 hp.
You pummel the yak!!
You kill the yak!
Makhleb accepts your kill.
You smack the yak!
The yak gores you but does no damage.
You smack the yak!
The yak gores you.
* * * LOW HITPOINT WARNING * * *
You take 6 damage, and have 12/97 hp.
You completely miss the yak. The yak gores you but does no damage.
You barely miss the yak. The yak gores you but does no damage.
You pummel the yak!!
You kill the yak!
Makhleb accepts your kill.
You completely miss the yak.
You feel less wooden.
Your +0 helmet unmelds from your body.
Your +0 animal skin unmelds from your body.
You turn into something dangerously unstable.
Your orb of light melds into your body.
Your +0 animal skin melds into your body.
You now have 9/66 hp.
Okay, then.
Blink to where?
Press: ? - help, Dir - move target
As you read the scroll of blinking {!r}, it crumbles to dust.
An iguana comes into view.
The iguana hisses angrily.
Press: ? - help, Shift-Dir - straight line, f - yak
Aim: a yak (chance to blink: 50%) Space twists violently!
The rupture engulfs the yak!
The yak blinks!
You hear a shout!
You hit the iguana.
The iguana begins to glow.
The iguana barely misses you.
You hit the iguana.
The iguana glows dangerously bright.
The iguana misses you.
You barely miss the iguana.
The orc priest mumbles some strange prayers to Beogh against you.
Beogh smites you!
You die...

#.........#
#.# #.# .
####.#########
#.# #.# ...#.#
#.# #.#
...#.#########
#.# #.#
#.oooo†.....#
#.# #.#
#.########..#
#.# #.# #.
#..# #.###.#
#.
#.o#####.....#
#.
#^..o.plY.....
#.
#...####......
#. #....#
####. #.
....#..#
###...## ....#
###.## #.


You could see a yak, an iguana (heavy contam), an orc priest and an orc wizard
(invisible).

Vanquished Creatures
  Sigmund (D:2)
  5 yaks (D:6)
  2 water moccasins
  2 black bears
  An ogre (D:6)
  A centaur (D:6)
  2 phantoms
  2 scorpions
  2 centaur zombies (D:5)
  2 bullfrog zombies (D:5)
  3 bombardier beetles
  A bullfrog skeleton (D:5)
  2 hounds (D:5)
  A gnoll bouda (D:6)
  Terence (D:3)
  3 iguanas
  A hound zombie (D:5)
  Robin (D:3)
  9 adders
  8 gnolls
  A white imp (D:5)
  An adder zombie (D:5)
  3 ribbon worms
  3 dart slugs
  2 orcs
  3 bats
  6 endoplasms
  4 giant cockroaches
  15 goblins
  8 hobgoblins
  4 kobolds
  2 quokkas
  7 ball pythons
  3 frilled lizards
  6 rats
118 creatures vanquished.

Notes
Turn   | Place    | Note
-------+----------+-------------------------------------------
     0 | D:1      | HilariousDeathArtist the Djinni Shapeshifter began the
                  | quest for the Orb.
     0 | D:1      | Reached XP level 1. HP: 17/17 MP: 0/0
   108 | D:1      | Reached skill level 3 in Shapeshifting
   160 | D:1      | Reached XP level 2. HP: 19/22 MP: 0/0
   768 | D:2      | Reached XP level 3. HP: 24/28 MP: 0/0
   768 | D:2      | Learned a level 1 spell: Kiss of Death
   831 | D:2      | Reached skill level 1 in Spellcasting
   831 | D:2      | Reached skill level 1 in Conjurations
   831 | D:2      | Reached skill level 1 in Hexes
   831 | D:2      | Reached skill level 1 in Summonings
   831 | D:2      | Reached skill level 1 in Necromancy
   831 | D:2      | Reached skill level 1 in Translocations
   831 | D:2      | Reached skill level 1 in Fire Magic
   831 | D:2      | Reached skill level 1 in Ice Magic
   831 | D:2      | Reached skill level 1 in Air Magic
   831 | D:2      | Reached skill level 1 in Earth Magic
   831 | D:2      | Reached skill level 1 in Alchemy
   912 | D:2      | Noticed a phantom
   922 | D:2      | Killed a phantom
   923 | D:2      | Reached skill level 2 in Fighting
   923 | D:2      | Reached XP level 4. HP: 34/34 MP: 0/0
   923 | D:2      | Reached XP level 5. HP: 39/39 MP: 0/0
   923 | D:2      | Learned a level 2 spell: Momentum Strike
  1241 | D:2      | Noticed Sigmund
  1261 | D:2      | Killed Sigmund
  1262 | D:2      | Reached skill level 3 in Fighting
  1262 | D:2      | Reached skill level 2 in Spellcasting
  1262 | D:2      | Reached skill level 2 in Conjurations
  1262 | D:2      | Reached skill level 2 in Hexes
  1262 | D:2      | Reached skill level 2 in Summonings
  1262 | D:2      | Reached skill level 2 in Necromancy
  1262 | D:2      | Reached skill level 2 in Translocations
  1262 | D:2      | Reached skill level 2 in Fire Magic
  1262 | D:2      | Reached skill level 2 in Ice Magic
  1262 | D:2      | Reached skill level 2 in Air Magic
  1262 | D:2      | Reached skill level 2 in Earth Magic
  1262 | D:2      | Reached skill level 2 in Alchemy
  1262 | D:2      | Reached skill level 4 in Shapeshifting
  1262 | D:2      | Reached XP level 6. HP: 17/46 MP: 0/0
  1624 | D:3      | Noticed Robin
  1658 | D:3      | Killed Robin
  1770 | D:3      | Reached skill level 3 in Spellcasting
  1770 | D:3      | Reached skill level 3 in Conjurations
  1770 | D:3      | Reached skill level 3 in Hexes
  1770 | D:3      | Reached skill level 3 in Summonings
  1770 | D:3      | Reached skill level 3 in Necromancy
  1770 | D:3      | Reached skill level 3 in Translocations
  1770 | D:3      | Reached skill level 3 in Fire Magic
  1770 | D:3      | Reached skill level 3 in Ice Magic
  1770 | D:3      | Reached skill level 3 in Air Magic
  1770 | D:3      | Reached skill level 3 in Earth Magic
  1770 | D:3      | Reached skill level 3 in Alchemy
  1770 | D:3      | Reached XP level 7. HP: 18/50 MP: 0/0
  1770 | D:3      | Learned a level 3 spell: Stone Arrow
  2009 | D:3      | Found a runed translucent door.
  2010 | D:3      | Noticed Crazy Yiuf
  2099 | D:3      | Noticed Terence
  2106 | D:3      | Killed Terence
  2533 | D:4      | Reached skill level 5 in Shapeshifting
  3243 | D:4      | Reached skill level 6 in Shapeshifting
  3243 | D:4      | Reached XP level 8. HP: 50/56 MP: 0/0
  3484 | D:5      | Entered Level 5 of the Dungeon
  3719 | D:5      | Found a staircase to the Ecumenical Temple.
  3728 | Temple   | Entered the Ecumenical Temple
  3737 | Temple   | Became a worshipper of Makhleb the Destroyer
  3977 | D:5      | Found Xeyzen's Overcharged Wands.
  3989 | D:5      | Reached skill level 7 in Shapeshifting
  4161 | D:5      | Found a sparkling altar of Nemelex Xobeh.
  4390 | D:5      | Found an opulent altar of Gozag.
  4592 | D:5      | Found a bloodstained altar of Trog.
  4944 | D:5      | Reached skill level 4 in Fighting
  4944 | D:5      | Reached skill level 3 in Dodging
  5099 | D:6      | Reached XP level 9. HP: 38/63 MP: 0/0
  5099 | D:6      | Learned a level 3 spell: Call Canine Familiar
  5269 | D:6      | Reached skill level 4 in Spellcasting
  5269 | D:6      | Reached skill level 4 in Conjurations
  5269 | D:6      | Reached skill level 4 in Hexes
  5269 | D:6      | Reached skill level 4 in Summonings
  5269 | D:6      | Reached skill level 4 in Necromancy
  5269 | D:6      | Reached skill level 4 in Translocations
  5269 | D:6      | Reached skill level 4 in Fire Magic
  5269 | D:6      | Reached skill level 4 in Ice Magic
  5269 | D:6      | Reached skill level 4 in Air Magic
  5269 | D:6      | Reached skill level 4 in Earth Magic
  5269 | D:6      | Reached skill level 4 in Alchemy
  5412 | D:6      | Reached skill level 4 in Dodging
  5666 | D:6      | Reached skill level 5 in Fighting
  5673 | D:6      | Reached skill level 5 in Dodging
  5674 | D:6      | HP: 21/97 [yak (11)]
  5679 | D:6      | HP: 8/97 [yak (11)]
  5684 | D:6      | HP: 12/97 [yak (6)]
  5699 | D:6      | Killed from afar by an orc priest

Illustrated notes

Levels and vault maps discovered:
D:1:      lightli_arrival_flooded_house, layout_basic, serial_aquarium,
          aquarium_bridge_square [aquarium_subvault_bridge,
          aquarium_subvault_window, aquarium_subvault_wall,
          aquarium_subvault_balcony], aquarium_window_fake,
          aquarium_window_fake, aquarium_window_fake, aquarium_view_2b,
          aquarium_balcony_5a, aquarium_pool_corner
D:2:      layout_rooms, uniq_sigmund
D:3:      layout_basic, uniq_robin, uniq_terence, uniq_crazy_yiuf_cottage
D:4:      layout_loops_ring, chequers_garden, minmay_manual_mail
D:5:      cheibrodos_quashed, layout_loops_corners, marbit_many_paths,
          grunt_gozag_statues, nicolae_overflow_crystal_walls,
          minmay_temple_entry_tees, serial_undead, serial_undead_b,
          serial_undead_e, serial_undead_a, serial_undead_a, grunt_decor_cap,
          kennysheep_pointless_box, nicolae_shop_overcharged_wands
D:6:      layout_loops_ring
Temple:   nicolae_temple_two_arcs

Skill      XL: |  1  2  3  4  5  6  7  8  9 |
---------------+----------------------------+-----
Shapeshifting  | 3 4 6 7 |  7.0
Spellcasting   | 1 2 3 4 |  4.8
Conjurations   | 1 2 3 4 |  4.8
Hexes          | 1 2 3 4 |  4.8
Summonings     | 1 2 3 4 |  4.8
Necromancy     | 1 2 3 4 |  4.8
Translocations | 1 2 3 4 |  4.8
Fire Magic     | 1 2 3 4 |  4.8
Ice Magic      | 1 2 3 4 |  4.8
Air Magic      | 1 2 3 4 |  4.8
Earth Magic    | 1 2 3 4 |  4.8
Alchemy        | 1 2 3 4 |  4.8
Fighting       | 2 3 4 5 |  5.8
Dodging        | 3 5 |  5.4
Unarmed Combat | |  3.0

Action                     |  1- 3 |  4- 6 |  7- 9 || total
---------------------------+-------+-------+-------++-------
  Melee: Unarmed           |    89 |    91 |   154 ||   334
         Punch             |     2 |       |       ||     2
  Throw: Stone             |    11 |     3 |       ||    14
         Dart              |       |     9 |       ||     9
   Cast: Stone Arrow       |       |       |    69 ||    69
         Momentum Strike   |       |       |     1 ||     1
  Evoke: Wand              |       |       |     1 ||     1
    Use: Potion            |     1 |     1 |     5 ||     7
         Scroll            |       |     5 |     4 ||     9
   Stab: Distracted        |       |       |     1 ||     1
 Armour: Animal skin       |    36 |    68 |    30 ||   134
         Skin              |     6 |       |    46 ||    52
  Dodge: Dodged            |    44 |    45 |   103 ||   192
   Form: Flux              |       |       |     1 ||     1

Table legend: (Time is in decaauts)
 A = Elapsed time spent in this place.
 B = Non-inter-level travel time spent in this place.
 C = Inter-level travel time spent in this place.
 D = Time resting spent in this place.
 E = Time spent auto-exploring this place.
 F = Levels seen in this place.
 G = Mean time per level.
                   A        B        C        D        E       F      G
               +--------+--------+--------+--------+--------+-----+--------+
         Total |   5680 |   5555 |    125 |      0 |   4748 |   7 |  811.4 |
       Dungeon |   5662 |   5554 |    108 |      0 |   4748 |   6 |  943.7 |
        Temple |     18 |      1 |     17 |      0 |      0 |   1 |   18.0 |
               +--------+--------+--------+--------+--------+-----+--------+

Top non-repeatable levels by time:
     D:5: 1562 daAuts
     D:4: 1108 daAuts
     D:3: 917 daAuts
     D:1: 759 daAuts
     D:2: 685 daAuts
     D:6: 627 daAuts
  Temple: 18 daAuts

Levels and vault maps discovered:
D:1:      lightli_arrival_flooded_house, layout_basic, serial_aquarium,
          aquarium_bridge_square [aquarium_subvault_bridge,
          aquarium_subvault_window, aquarium_subvault_wall,
          aquarium_subvault_balcony], aquarium_window_fake,
          aquarium_window_fake, aquarium_window_fake, aquarium_view_2b,
          aquarium_balcony_5a, aquarium_pool_corner
D:2:      layout_rooms, uniq_sigmund
D:3:      layout_basic, uniq_robin, uniq_terence, uniq_crazy_yiuf_cottage
D:4:      layout_loops_ring, chequers_garden, minmay_manual_mail
D:5:      cheibrodos_quashed, layout_loops_corners, marbit_many_paths,
          grunt_gozag_statues, nicolae_overflow_crystal_walls,
          minmay_temple_entry_tees, serial_undead, serial_undead_b,
          serial_undead_e, serial_undead_a, serial_undead_a, grunt_decor_cap,
          kennysheep_pointless_box, nicolae_shop_overcharged_wands
D:6:      layout_loops_ring
Temple:   nicolae_temple_two_arcs

Table legend: (Time is in decaauts)
 A = Elapsed time spent in this place.
 B = Non-inter-level travel time spent in this place.
 C = Inter-level travel time spent in this place.
 D = Time resting spent in this place.
 E = Time spent auto-exploring this place.
 F = Levels seen in this place.
 G = Mean time per level.
                   A        B        C        D        E       F      G
               +--------+--------+--------+--------+--------+-----+--------+
         Total |   5680 |   5555 |    125 |      0 |   4748 |   7 |  811.4 |
       Dungeon |   5662 |   5554 |    108 |      0 |   4748 |   6 |  943.7 |
        Temple |     18 |      1 |     17 |      0 |      0 |   1 |   18.0 |
               +--------+--------+--------+--------+--------+-----+--------+

Top non-repeatable levels by time:
     D:5: 1562 daAuts
     D:4: 1108 daAuts
     D:3: 917 daAuts
     D:1: 759 daAuts
     D:2: 685 daAuts
     D:6: 627 daAuts
  Temple: 18 daAuts

Table legend:
 A = Kills in this place as a percentage of kills in the entire game.
 B = Kills by you in this place as a percentage of kills by you in the entire game.
 C = Kills by friends in this place as a percentage of kills by friends in the entire game.
 D = Other kills in this place as a percentage of other kills in the entire game.
 E = Experience gained in this place as a percentage of experience gained in the entire game.
 F = Experience gained in this place divided by the number of levels of this place that you have seen.
                   A       B       C       D       E      F
               +-------+-------+-------+-------+-------+----------------------
         Total | 100.0 | 100.0 |   N/A |   N/A | 100.0 | 499.7
       Dungeon | 100.0 | 100.0 |   N/A |   N/A | 100.0 | 583.0
               +-------+-------+-------+-------+-------+----------------------
